 Dungeon Crawl Stone Soup version 0.30-a0-777-ga9a30cbeda (webtiles) character file.

Game seed: 15356619489606417917

2 Esekla the Sneak (level 1, -1/11 HPs)
             Began as a Vine Stalker Delver on Feb 14, 2023.
             Slain by an orc
             ... wielding a +0 hand axe
              (4 damage)
             ... on level 5 of the Dungeon.
             The game lasted 00:01:34 (88 turns).

Esekla the Sneak (Vine Stalker Delver)                Turns: 88, Time: 00:01:36

Health: -1/11      AC:  3    Str: 14    XL:     1   Next: 30%
Magic:  0/2        EV: 11    Int: 10    God:
Gold:   0          SH:  0    Dex: 15    Spells: 0/0 levels left

rFire   . . .      SeeInvis .    a - +0 falchion
rCold   . . .      Faith    .    (no shield)
rNeg    . . .      Spirit   +    b - +0 leather armour
rPois   .          Reflect  .    (no helmet)
rElec   .          Harm     .    (no cloak)
rCorr   .          Rampage  .    (no gloves)
Will    .....                    (no boots)
Stlth   +++                      (no amulet)
HPRegen 0.21/turn                (no ring)
MPRegen 0.08/turn                (no ring)

@: no status effects
A: fangs 2, magic shield, antimagic bite, no potion heal 2
a: no special abilities


You were on level 5 of the Dungeon.
You visited 1 branch of the dungeon, and saw 1 of its levels.

Inventory:

Hand Weapons
 a - a +0 falchion (weapon)
Armour
 b - a +0 leather armour (worn)
Wands
 g - a wand of digging (3)
Scrolls
 c - a scroll of fog
 d - a scroll of blinking {unknown}
 e - a scroll of fear
Potions
 f - a potion of haste


   Skills:
 * Level 2.6 Fighting
 * Level 2.0 Long Blades
 + Level 1.5 Dodging
 + Level 6.0 Stealth


You couldn't memorise any spells.
You didn't know any spells.
Your spell library was empty.

Dungeon Overview and Level Annotations

Branches:
Dungeon (5/15)
 Temple: D:4-7

Altars:


Innate Abilities, Weirdness & Mutations

You have extremely sharp teeth.
When hurt, damage is shared between your health and your magic reserves.
Your bite disrupts and absorbs the magic of your enemies.
Potions cannot restore your health.


Message History

An orc comes into view. It is wielding a +0 whip.
An orc comes into view. It is wielding a +0 hand axe.
You enter the shallow water.
Moving in this stuff is going to be slow.
You start waiting.
An orc is nearby!
You barely miss the orc. You closely miss the orc. You bite the orc.
You drain its power.
The orc is lightly wounded.
The orc hits you with a +0 club.
The orc splashes around in the water.
You hit the orc. Your bite misses the orc.
The orc is heavily wounded.
The orc hits you with a +0 club.
You slash the orc!
You kill the orc!
You hear a splash.
Your Long Blades skill increases to level 2!
You start resting.
Magic restored.
You start resting.
HP restored.
You enter the shallow water.
Moving in this stuff is going to be slow.
Things that are here:
a +0 club; an orc corpse An orc comes into view.
It is wielding a +0 trident.
A quokka comes into view.
Found an escape hatch in the floor.
The orc shouts!
The orc attacks as you move away! The orc hits you with a +0 hand axe.
The orc attacks as you move away! The orc closely misses you.
You barely miss the orc. You bite the orc. You drain its power.
The orc is lightly wounded.
The orc misses you. The orc hits you with a +0 hand axe.
The orc attacks as you move away! The orc hits you with a +0 hand axe.
* * * LOW HITPOINT WARNING * * *
Found 10 gold pieces and a robe.
Found a stone staircase leading up.
You closely miss the orc. The orc barely misses you.
You completely miss the orc. The orc hits you with a +0 hand axe.
You die...

,****~*,**,***+++****,**,,,,,,,,*
,,,,,~,,,,,,,,,,,...,,***,,*,,,,*
,**,,~,**,,,,,,,,...,,,***+***,**
,,,,,~,,,,,,,,,,,[.,,,***~,~,*,*
*****~*,,*,,,,,,,..,,,,*,~,~**,*
*****~##.,,,,,,**$#,,,,#*~,~,*,**
,,,,***..,,,,,,**.#,,<.#,~,~**,,*
,,*,####.#**#####.#..#***~,~,**,*
,,,*#..#..# #oro@...#* *,~,~***,*
**,**#.o..###o###.### ***_** *,*
*,..##..!....# *## *** *,*
***#.........##** *,*
*,,,>...#..####≈* *,*
,,,,..,*#....##≈## *,*
*,,****##....#≈≈≈## *,* ,,..*
##..##.#≈≈≈≈### *,*
,,..###...####≈≈≈≈#.### ***,*


You could see 3 orcs and a quokka.

Vanquished Creatures
  An orc (D:5)
1 creature vanquished.

Notes
Turn   | Place    | Note
-------+----------+-------------------------------------------
     0 | D:5      | Esekla the Vine Stalker Delver began the quest for the Orb.
     0 | D:5      | Reached XP level 1. HP: 11/11 MP: 2/2
    36 | D:5      | Noticed a scorpion
    88 | D:5      | Slain by an orc

Illustrated notes

Levels and vault maps discovered:
D:5:      layout_rooms, okawaru_altar_gauntlet_db,
          mainiacjoe_overflow_two_lobes, gammafunk_ghost_necromancy,
          serial_rivers, chequers_serial_rivers_large_a,
          chequers_serial_rivers_micro_a, chequers_serial_rivers_small_3,
          chequers_serial_rivers_room_a, minmay_misc_feat_x

Skill      XL: |  1 |
---------------+----+-----
Long Blades    | 2 |  2.0
Fighting       | |  2.6
Dodging        | |  1.5
Stealth        | |  6.0

Action                     || total
---------------------------++-------
  Melee: Falchion          ||     7
         Bite              ||     2
    Use: Scroll            ||     1
  Dodge: Dodged            ||     3

Table legend: (Time is in decaauts)
 A = Elapsed time spent in this place.
 B = Non-inter-level travel time spent in this place.
 C = Inter-level travel time spent in this place.
 D = Time resting spent in this place.
 E = Time spent auto-exploring this place.
 F = Levels seen in this place.
 G = Mean time per level.
                   A        B        C        D        E       F      G
               +--------+--------+--------+--------+--------+-----+--------+
         Total |     93 |     93 |      0 |     24 |      0 |   1 |   93.0 |
       Dungeon |     93 |     93 |      0 |     24 |      0 |   1 |   93.0 |
               +--------+--------+--------+--------+--------+-----+--------+

Top non-repeatable levels by time:
     D:5: 93 daAuts
